 Dungeon Crawl Stone Soup version 0.31-a0-83-gbff143cfd1 (webtiles) character file.

Game seed: 17726663305634336276

94 greasedhog the Trooper (level 4, -3/50 HPs)
             Began as an Ogre Fighter on May 25, 2023.
             Slain by Natasha (8 damage)
             ... on level 4 of the Dungeon.
             The game lasted 00:01:27 (1867 turns).

greasedhog the Trooper (Ogre Fighter)               Turns: 1867, Time: 00:01:28

Health: -3/50      AC:  3    Str: 22    XL:     4   Next: 63%
Magic:  4/4        EV:  9    Int:  9    God:
Gold:   193        SH:  8    Dex: 14    Spells: 3/3 levels left

rFire   . . .        a - +0 flail
rCold   . . .        c - +0 kite shield
rNeg    . . .        b - +0 robe
rPois   .            (helmet restricted)
rElec   .            (no cloak)
rCorr   .            (gloves unavailable)
SInv    .            (boots unavailable)
Will    .....        (no amulet)
Stlth   +            o - +6 ring of dexterity
HPRegen 0.28/turn    (no ring)
MPRegen 0.09/turn

%: no passive effects
@: mighty
A: large, unfitting armour, tough skin 1
a: no special abilities


You were on level 4 of the Dungeon.
You visited 1 branch of the dungeon, and saw 4 of its levels.

You collected 193 gold pieces.

Inventory:

Hand Weapons
 a - a +0 flail (weapon)
Missiles
 m - 2 throwing nets (quivered)
Armour
 b - a +0 robe (worn)
 c - a +0 kite shield (worn)
Jewellery
 o - a +6 ring of dexterity (left hand)
Scrolls
 f - 4 scrolls of fear {unknown}
 g - a scroll of enchant armour {unknown}
 k - a scroll of noise {unknown}
 l - a scroll of blinking {unknown}
 n - 2 scrolls of identify {unknown}
 q - a scroll of immolation {unknown}
 r - a scroll of teleportation {unknown}
Potions
 e - a potion of brilliance {unknown}
 h - a potion of degeneration {unknown}
 i - a potion of curing {unknown}
 j - a potion of magic {unknown}
 p - a potion of heal wounds {unknown}


   Skills:
 + Level 5.2 Fighting
 * Level 3.6 Maces & Flails
 - Level 2.6 Dodging
 - Level 3.0 Shields


You had 3 spell levels left.
You didn't know any spells.
Your spell library was empty.

Dungeon Overview and Level Annotations

Branches:
Dungeon (3/15)

Altars:
Gozag

Annotations:
D:3 1 runed translucent door, Chodeload's ghost, amateur DEWn
D:4 Ijyb; Natasha


Innate Abilities, Weirdness & Mutations

You are too large for most types of armour.
You have tough skin. (AC +1)


Message History

r - a scroll labelled AVYRURGHEANN Natasha, Servant of Life and Death comes into view.
Natasha hisses angrily.
Ijyb the Twisted Goblin comes into view.
She is wielding a +0 dagger and carrying a wand of flame (21).
Natasha claws you.
You closely miss Natasha. You block Natasha's attack.
You closely miss Natasha. Natasha closely misses you.
Natasha casts a spell.
You closely miss Natasha.
Natasha stares at you and mumbles some strange words.
The magic dart hits you.
Ijyb screams, "No!
No, no, no, no!"
You hit Natasha.
Natasha is heavily wounded.
The cerulean imp hits you from afar with a +2 spear.
Natasha claws you. Ijyb closely misses you.
The cerulean imp hits you from afar with a +2 spear!
You hit Natasha.
Natasha is heavily wounded.
You block Natasha's attack. Ijyb hits you with a +0 dagger.
You block the cerulean imp's attack. Natasha claws you but does no damage.
You feel very mighty all of a sudden. You block Ijyb's attack.
The cerulean imp hits you from afar with a +2 spear.
Natasha claws you but does no damage.
You hit Natasha.
Natasha is severely wounded.
Ijyb zaps a wand.
The puff of flame hits you! The cerulean imp misses you.
Natasha casts a spell at you. You resist with some effort.
Ijyb zaps a wand.
The puff of flame hits you!
* * * LOW HITPOINT WARNING * * *
You closely miss Natasha.
Natasha is severely wounded.
You block the cerulean imp's attack. Natasha claws you but does no damage.
Ijyb hits you with a +0 dagger.
* * * LOW HITPOINT WARNING * * *
The cerulean imp hits you from afar with a +2 spear.
* * * LOW HITPOINT WARNING * * *
Natasha claws you!
You die...

## #. #... # #.. #...
.##... ... #...... ...
#.####......... .#
#..#..5..# ...#...
#.g.h...# ...#...
##..@# #.##.......
##...## #..#.......
#.....###..........
#....##........#..#..
....####.............#
....###..####.##.....#
.........# ##.# #..##
. #......# #..# .#
#....## #.## .


You could see Ijyb, Natasha and a cerulean imp (summoned).

Vanquished Creatures
  Jessica (D:2)
  2 adders (D:2)
  2 dart slugs (D:2)
  An orc (D:3)
  5 ball pythons
  4 bats
  4 endoplasms
  5 giant cockroaches
  3 goblins
  8 hobgoblins
  A kobold (D:3)
  3 frilled lizards (D:1)
  3 rats
42 creatures vanquished.

Notes
Turn   | Place    | Note
-------+----------+-------------------------------------------
     0 | D:1      | greasedhog the Ogre Fighter began the quest for the Orb.
     0 | D:1      | Reached XP level 1. HP: 24/24 MP: 1/1
    81 | D:1      | Found a faded altar of an unknown god.
   205 | D:1      | Reached XP level 2. HP: 31/32 MP: 2/2
   718 | D:2      | Reached XP level 3. HP: 27/40 MP: 3/3
   851 | D:2      | Noticed Jessica
   860 | D:2      | Killed Jessica
   861 | D:2      | Reached skill level 5 in Fighting
   861 | D:2      | Reached XP level 4. HP: 13/50 MP: 4/4
  1513 | D:3      | Found a runed translucent door.
  1514 | D:3      | Noticed Chodeload's ghost (amateur DEWn)
  1738 | D:3      | Found an opulent altar of Gozag.
  1824 | D:3      | You fall into a shaft and drop 1 floor!
  1858 | D:4      | Noticed Natasha
  1859 | D:4      | Noticed Ijyb
  1867 | D:4      | Slain by Natasha

Illustrated notes

Levels and vault maps discovered:
D:1:      evilmike_arrival_plus, layout_basic,
          hellmonk_ecumenical_altar_pennies_from_heaven
D:2:      layout_basic, hex_intersection, nicolae_elevator_lobby_plus,
          uniq_jessica
D:3:      layout_loops_corners, nicolae_gozag_cash_rules_everything_around_me,
          ebering_ghost_reflecting_pool
D:4:      layout_layer_cave, grunt_tough_drop, uniq_natasha, uniq_ijyb,
          uniq_menkaure

Skill      XL: |  1  2  3 |
---------------+----------+-----
Maces & Flails | 2 3 |  3.6
Fighting       | 5 |  5.2
Dodging        | |  2.6
Shields        | |  3.0

Action                     |  1- 3 |  4- 6 || total
---------------------------+-------+-------++-------
  Melee: Flail             |    83 |    42 ||   125
    Use: Potion            |       |     1 ||     1
 Armour: Robe              |    34 |     9 ||    43
  Dodge: Dodged            |    36 |    14 ||    50
  Block: Kite shield       |    38 |    20 ||    58

Table legend: (Time is in decaauts)
 A = Elapsed time spent in this place.
 B = Non-inter-level travel time spent in this place.
 C = Inter-level travel time spent in this place.
 D = Time resting spent in this place.
 E = Time spent auto-exploring this place.
 F = Levels seen in this place.
 G = Mean time per level.
                   A        B        C        D        E       F      G
               +--------+--------+--------+--------+--------+-----+--------+
         Total |   1915 |   1861 |     54 |    133 |   1393 |   4 |  478.8 |
       Dungeon |   1915 |   1861 |     54 |    133 |   1393 |   4 |  478.8 |
               +--------+--------+--------+--------+--------+-----+--------+

Top non-repeatable levels by time:
     D:2: 803 daAuts
     D:1: 640 daAuts
     D:3: 427 daAuts
     D:4: 44 daAuts
